 Dungeon Crawl Stone Soup version 0.27-a0-1191-g601b473118 (webtiles) character file.

Game seed: 12125563308838542730

268 Zeld the Cleaver (level 6, -4/76 HPs)
             Began as a Minotaur Berserker on May 24, 2021.
             Was a Believer of Trog.
             Succumbed to an adder's poison
             ... in a sewer.
             The game lasted 00:02:17 (1824 turns).

Zeld the Cleaver (Minotaur Berserker)               Turns: 1824, Time: 00:02:18

Health: -4/76      AC:  0    Str: 23    XL:     6   Next: 1%
Magic:  5/5        EV: 12    Int:  4    God:    Trog [**....]
Gold:   37         SH:  0    Dex: 10    Spells: 5/5 levels left

rFire    . . .     SeeInvis .   a - +0 hand axe
rCold    . . .     Faith    .   (no shield)
rNeg     . . .     Spirit   .   (no armour)
rPois    .         Reflect  .   (helmet restricted)
rElec    .         Harm     .   (no cloak)
rCorr    .         Rampage  .   (no gloves)
Will     .....                  (no boots)
Stlth    ..........             (no amulet)
HPRegen  0.22/turn              (no ring)
MPRegen  0.09/turn              (no ring)

@: berserking, lethally poisoned (-4 -> -33), slow
A: horns 2, retaliatory headbutt
a: Renounce Religion, Berserk, Trog's Hand


You were in a sewer.
You worshipped Trog.
Trog was pleased with you.
You visited 1 branch of the dungeon, and saw 5 of its levels.
You also visited: Sewer.

You collected 37 gold pieces.

Inventory:

Hand Weapons
 a - a +0 hand axe (weapon)
Scrolls
 b - a scroll of blinking {unknown}
 c - 2 scrolls of identify {unknown}
 d - a scroll of fear {unknown}
 f - a scroll of holy word {unknown}
Potions
 e - a potion of curing {unknown}
 g - a potion of lignification {unknown}
 h - a potion of attraction {unknown}


   Skills:
 - Level 3.6 Fighting
 * Level 8.2 Axes
 - Level 2.4 Armour
 - Level 2.1 Dodging


You had 5 spell levels left.
You didn't know any spells.
Your spell library was empty.

Dungeon Overview and Level Annotations

Branches:
Dungeon (5/15)              Sewer (1/1)
 Temple: D:4-7

Altars:

Shops:
D:2 !


Innate Abilities, Weirdness & Mutations

You have a pair of horns on your head.
You reflexively headbutt those who attack you in melee.


Message History

The adder poisons you! The quokka misses you. You furiously retaliate!
You headbutt the quokka, but do no damage.
The ball python bites you. The ball python grabs you.
The ball python constricts you. The adder barely misses you.
The adder bites you.
You are lethally poisoned!
The adder poisons you!
The quokka splashes around in the water.
Okay, then.
A red film seems to cover your vision as you go berserk!
You feel yourself moving faster!
You feel mighty!
You feel very sick. The ball python barely misses you.
* * * LOW HITPOINT WARNING * * *
The ball python constricts you. The adder bites you.
* * * LOW HITPOINT WARNING * * *
You are lethally poisoned!
The adder poisons you! The adder bites you.
* * * LOW HITPOINT WARNING * * *
You are more poisoned.
The adder poisons you! The quokka bites you.
* * * LOW HITPOINT WARNING * * *
The adder bites you.
* * * LOW HITPOINT WARNING * * *
You are more poisoned.
The adder poisons you! The ball python bites you.
* * * LOW HITPOINT WARNING * * *
x2 The ball python constricts you.
The adder bites you.
* * * LOW HITPOINT WARNING * * *
You slash the quokka!
You kill the quokka!
Trog accepts your kill.
You closely miss the adder. You slash the adder! You slash the ball python!
You kill the ball python!
Trog accepts your kill.
You can now call upon Trog for regeneration and willpower.
* * * LOW HITPOINT WARNING * * *
You feel very sick.
Your unstable footing causes you to fumble your attack.
You die...

≈≈≈#
≈≈≈#
#≈≈#
#≈≈#
#≈.#
#≈≈#
#S≈#
#@†#
#≈S#
#≈.#
##.##
#≈.#
#.∩#
#..#
#≈†##
#≈≈#


You could see 2 adders.

Vanquished Creatures
  Grinder (D:4)
  5 adders
  3 endoplasms
  A giant cockroach (D:4)
  4 goblins
  2 hobgoblins
  5 kobolds
  2 quokkas
  2 ball pythons (Sewer)
  A frilled lizard (Sewer)
  3 rats
29 creatures vanquished.

Notes
Turn   | Place    | Note
-------+----------+-------------------------------------------
     0 | D:1      | Zeld the Minotaur Berserker began the quest for the Orb.
     0 | D:1      | Reached XP level 1. HP: 19/19 MP: 0/0
    25 | D:1      | Found a faded altar of an unknown god.
    54 | D:1      | Reached skill level 4 in Axes
   466 | D:1      | Reached XP level 2. HP: 26/26 MP: 1/1
   755 | D:2      | Found Jesibic's Distillery.
  1233 | D:4      | Noticed Grinder
  1248 | D:4      | Killed Grinder
  1249 | D:4      | Reached skill level 7 in Axes
  1249 | D:4      | Reached XP level 3. HP: 9/31 MP: 2/2
  1249 | D:4      | Reached XP level 4. HP: 12/39 MP: 3/3
  1249 | D:4      | Reached XP level 5. HP: 13/45 MP: 4/4
  1557 | D:5      | Entered Level 5 of the Dungeon
  1559 | D:5      | Found a glowing drain.
  1583 | D:5      | Reached skill level 8 in Axes
  1808 | Sewer    | Entered a sewer
  1815 | Sewer    | Reached XP level 6. HP: 51/51 MP: 5/5
  1823 | Sewer    | Reached ** piety under Trog
  1823 | Sewer    | HP: 1/76 [poisoned by an adder]
  1824 | Sewer    | Succumbed to an adder's poison

Illustrated notes

Levels and vault maps discovered:
D:1:      doesnt_arrival_eight_statues, layout_rooms,
          shapermc_ecumenical_altar_gd
D:2:      layout_basic, serial_shops, shop
D:3:      layout_loops_corners, grunt_decor_junction, minivault_11,
          minmay_tree_intersection
D:4:      layout_basic, minmay_cupped, uniq_grinder
D:5:      layout_cave_pools, lemuel_blue_sif_altar,
          gammafunk_temple_overflow_statue, gup_sewer_entry_glass,
          columned_hall_lemuel, amethyst_killhole
Sewer:    sewer_frog_island_02

Skill      XL: |  1  2  3  4  5 |
---------------+----------------+-----
Axes           | 4 7 8 |  8.2
Fighting       | |  3.6
Armour         | |  2.4
Dodging        | |  2.1

Action                   |  1- 3 |  4- 6 || total
-------------------------+-------+-------++-------
Melee: Hand axe          |    36 |    22 ||    58
       Headbutt          |     2 |     1 ||     3
Invok: Berserk           |     2 |     2 ||     4
Dodge: Dodged            |    21 |    14 ||    35

Table legend: (Time is in decaauts)
 A = Elapsed time spent in this place.
 B = Non-inter-level travel time spent in this place.
 C = Inter-level travel time spent in this place.
 D = Time resting spent in this place.
 E = Time spent auto-exploring this place.
 F = Levels seen in this place.
 G = Mean time per level.
                   A        B        C        D        E       F      G
               +--------+--------+--------+--------+--------+-----+--------+
         Total |   1849 |   1807 |     42 |    507 |   1082 |   6 |  308.2 |
       Dungeon |   1832 |   1790 |     42 |    507 |   1082 |   5 |  366.4 |
         Sewer |     16 |     16 |      0 |      0 |      0 |   1 |   16.0 |
               +--------+--------+--------+--------+--------+-----+--------+

Top non-repeatable levels by time:
     D:1: 576 daAuts
     D:3: 341 daAuts
     D:4: 338 daAuts
     D:2: 318 daAuts
     D:5: 258 daAuts
   Sewer: 16 daAuts
